Lightning vs Hurricanes

Created - November 17 2011 at 17:29

Goals
1 2 3 T
Lightning 1 0 1 2
Hurricanes 0 0 0 0
Shots
1 2 3 T
Lightning 4 10 12 26
Hurricanes 11 7 13 31

Period #1

1. Lightning , Patrick Kane 10 (Brent Seabrook) at 7:03 (PP)

Penalties :
Shawn Thornton (CAR) for Holding (Minor) at 5:13, Andy Sutton (TBL) for Hooking (Minor) at 11:06, Martin Havlat (TBL) for Interference (Minor) at 14:43, Tomas Plekanec (TBL) for Slashing (Minor) at 16:51, Matt Cooke (CAR) for Hooking (Minor) at 19:25

Period #2

No Goal

Penalties :
Shawn Thornton (CAR) for Interference (Minor) at 6:16, Andrej Meszaros (TBL) for Interference (Minor) at 13:26

Period #3

2. Lightning , Paul Stastny 5 (Brent Seabrook, Patrick Kane) at 3:02

Penalties :
Martin Hanzal (CAR) for Interference (Minor) at 1:25, Maxime Talbot (TBL) for Roughing (Minor) at 1:25, Mike Weber (CAR) for Delaying the game (Minor) at 5:47, Sergei Gonchar (CAR) for Roughing (Minor) at 6:21, Jaroslav Spacek (CAR) for Holding Stick (Minor) at 9:36, Brent Seabrook (TBL) for Holding Stick (Minor) at 15:38

Goalie Stats

Cory Schneider (TBL), 31 saves from 31 shots - (1.000), W, 8-2-2, 60:00 minutes
Johan Hedberg (CAR), 24 saves from 26 shots - (0.923), L, 4-9-0, 60:00 minutes

Players Stats

Lightning
Player Name              G  A  P  +/- PIM S  H  SB FO    MP 
------------------------------------------------------------
Andrej Meszaros          0  0  0   0  2   2  2  0  0/0   22 
Andy Sutton              0  0  0   0  2   0  1  0  0/0   16 
Barret Jackman           0  0  0   0  0   0  0  1  0/0   20 
Brent Seabrook           0  2  2   1  2   4  0  2  0/0   21 
Ilya Kovalchuk           0  0  0   0  0   3  0  0  2/2   17 
Josh Gorges              0  0  0   0  0   0  0  0  0/0   20 
Marcel Goc               0  0  0   0  0   0  0  1  6/11  13 
Martin Havlat            0  0  0   0  2   4  2  0  1/3   18 
Maxime Talbot            0  0  0   0  2   0  0  0  1/1   11 
Nick Spaling             0  0  0   0  0   1  0  0  0/0   12 
Patrick Kane             1  1  2   1  0   4  1  0  0/1   18 
Patrick Sharp            0  0  0   0  0   1  1  0  1/1   14 
Paul Stastny             1  0  1   1  0   5  0  0  9/20  13 
R.J. Umberger            0  0  0   0  0   1  0  0  8/12  15 
Scott Hartnell           0  0  0   0  0   0  1  0  2/4   10 
Teddy Purcell            0  0  0   0  0   1  1  0  0/0   12 
Tim Gleason              0  0  0   1  0   0  1  0  0/0   19 
Tomas Plekanec           0  0  0   0  2   0  2  0  9/23  17 
Hurricanes
Player Name              G  A  P  +/- PIM S  H  SB FO    MP 
------------------------------------------------------------
Anton Stralman           0  0  0  -1  0   0  0  2  0/0   18 
Brad Boyes               0  0  0  -1  0   1  0  1  1/6   17 
Chris Thorburn           0  0  0   0  0   1  0  1  0/2   20 
Eric Staal               0  0  0   0  0   6  0  0  18/33 24 
Jarome Iginla            0  0  0  -1  0   6  2  0  2/2   22 
Jaroslav Spacek          0  0  0   0  2   0  2  0  0/0   20 
Johnny Oduya             0  0  0   0  0   3  0  0  0/0   20 
Martin Hanzal            0  0  0   0  2   4  5  0  12/19 20 
Matt Cooke               0  0  0   0  2   0  0  0  0/1   5  
Matt Hunwick             0  0  0   0  0   0  0  0  0/0   0  
Michael Ryder            0  0  0   0  0   0  0  0  0/0   4  
Mike Fisher              0  0  0   0  0   2  0  0  6/12  14 
Mike Weber               0  0  0   0  2   0  3  3  0/0   19 
Ryan Shannon             0  0  0   0  0   1  0  0  0/1   14 
Ryan Wilson              0  0  0   0  0   1  0  1  0/0   18 
Sergei Gonchar           0  0  0  -1  2   2  3  0  0/0   22 
Shawn Thornton           0  0  0   0  4   0  4  0  0/0   11 
Thomas Vanek             0  0  0   0  0   4  0  0  0/2   18 

3 Stars

1 - Cory Schneider (TBL)
2 - Patrick Kane (TBL)
3 - Paul Stastny (TBL)

Power Play

Lightning - 1 on 6 Attempt(s) - 16.67%
Hurricanes - 0 on 5 Attempt(s) - 0.00%

Penalty Kill

Lightning - 5 on 5 Attempt(s) - 100.00% - Score 0 goal in Penalty Kill
Hurricanes - 5 on 6 Attempt(s) - 83.33% - Score 0 goal in Penalty Kill

Game Notes

No Game Note

Finance

Level 1 -- Attendance: 5569 (92.82%) -- Ticket Income $501,210.00
Level 2 -- Attendance: 3842 (76.84%) -- Ticket Income $211,310.00
Level 3 -- Attendance: 2457 (70.20%) -- Ticket Income $85,995.00
Level 4 -- Attendance: 2722 (84.27%) -- Ticket Income $51,718.00
Luxury Box -- Attendance: 989 (98.90%) -- Ticket Income $182,965.00
Game was played at the RBC Center
Total Attendance: 15579 (83.18%)
Total Ticket Income: $1,107,681.00
Other Income: $212,926.80
Total Income: $1,320,608.00


Play by Play

Period #1

0:01 of 1st period - Eric Staal wins face-off versus Tomas Plekanec in neutral zone.
0:04 of 1st period - Teddy Purcell is hit by Jarome Iginla and loses puck.
0:10 of 1st period - Eric Staal is hit by Andy Sutton and loses puck.
0:15 of 1st period - Shot by Jarome Iginla.
0:15 of 1st period - Stopped by Cory Schneider with a rebound.
0:17 of 1st period - Shot by Eric Staal.
0:17 of 1st period - Stopped by Cory Schneider without a rebound.
0:18 of 1st period - Martin Hanzal wins face-off versus Paul Stastny in Lightning zone.
0:26 of 1st period - Andrej Meszaros is hit by Jaroslav Spacek and loses puck.
0:42 of 1st period - Icing by Andrej Meszaros.
0:43 of 1st period - Eric Staal wins face-off versus Paul Stastny in Lightning zone.
1:16 of 1st period - Patrick Sharp is hit by Sergei Gonchar.
1:54 of 1st period - Shot by Tomas Plekanec.
1:54 of 1st period - Shot Blocked by Mike Weber.
2:25 of 1st period - Barret Jackman is hit by Shawn Thornton and loses puck.
2:36 of 1st period - Shot by R.J. Umberger.
2:36 of 1st period - Stopped by Johan Hedberg without a rebound.
2:37 of 1st period - Martin Hanzal wins face-off versus Scott Hartnell in Hurricanes zone.
2:37 of 1st period - Martin Hanzal is hit by Scott Hartnell.
2:54 of 1st period - Shot by Martin Hanzal.
2:54 of 1st period - Stopped by Cory Schneider with a rebound.
2:57 of 1st period - Icing by Andrej Meszaros.
2:58 of 1st period - Marcel Goc wins face-off versus Eric Staal in Lightning zone.
4:05 of 1st period - Icing by Johnny Oduya.
4:06 of 1st period - Martin Hanzal wins face-off versus Tomas Plekanec in Hurricanes zone.
4:21 of 1st period - Andy Sutton is hit by Martin Hanzal and loses puck.
4:30 of 1st period - Shot by Brad Boyes.
4:30 of 1st period - Stopped by Cory Schneider without a rebound.
4:31 of 1st period - Paul Stastny wins face-off versus Mike Fisher in Lightning zone.
4:38 of 1st period - Shot by Maxime Talbot.
4:38 of 1st period - Deflect By Paul Stastny.
4:38 of 1st period - Shot Blocked by Mike Weber.
4:42 of 1st period - Shot by Paul Stastny.
4:42 of 1st period - Deflect By Patrick Sharp.
4:42 of 1st period - Shot Misses the Net.
4:44 of 1st period - Shot by Maxime Talbot.
4:44 of 1st period - Shot Blocked by Ryan Wilson.
4:48 of 1st period - Shot by Patrick Sharp.
4:48 of 1st period - Stopped by Johan Hedberg without a rebound.
4:49 of 1st period - Martin Hanzal wins face-off versus Tomas Plekanec in Hurricanes zone.
5:11 of 1st period - Icing by Andy Sutton.
5:12 of 1st period - Tomas Plekanec wins face-off versus Mike Fisher in Lightning zone.
5:12 of 1st period - Tomas Plekanec is hit by Shawn Thornton.
5:13 of 1st period - Minor Penalty to Shawn Thornton for Holding.
5:14 of 1st period - Eric Staal wins face-off versus Martin Havlat in Hurricanes zone.
5:43 of 1st period - Shot by Eric Staal.
5:43 of 1st period - Stopped by Cory Schneider with a rebound.
5:46 of 1st period - Icing by Andrej Meszaros.
5:47 of 1st period - Martin Hanzal wins face-off versus Tomas Plekanec in Lightning zone.
6:14 of 1st period - Shot by Martin Hanzal.
6:14 of 1st period - Stopped by Cory Schneider without a rebound.
6:15 of 1st period - Paul Stastny wins face-off versus Eric Staal in Lightning zone.
6:17 of 1st period - Icing by Brent Seabrook.
6:18 of 1st period - Eric Staal wins face-off versus Paul Stastny in Lightning zone.
7:03 of 1st period - Shot by Patrick Kane.
7:03 of 1st period - Goal by Patrick Kane - Lightning : 1 - Hurricanes : 0.
7:04 of 1st period - Eric Staal wins face-off versus Marcel Goc in neutral zone.
8:03 of 1st period - Martin Havlat is hit by Sergei Gonchar and loses puck.
8:32 of 1st period - Patrick Kane is hit by Jarome Iginla and loses puck.
8:57 of 1st period - Shot by Tomas Plekanec.
8:57 of 1st period - Deflect By Patrick Kane.
8:57 of 1st period - Shot Misses the Net.
9:01 of 1st period - Shot by Tomas Plekanec.
9:01 of 1st period - Shot Blocked by Mike Weber.
9:05 of 1st period - Shot by Patrick Kane.
9:05 of 1st period - Stopped by Johan Hedberg without a rebound.
9:06 of 1st period - Martin Hanzal wins face-off versus Paul Stastny in Hurricanes zone.
9:14 of 1st period - Andrej Meszaros is hit by Jaroslav Spacek and loses puck.
10:37 of 1st period - Shot by Martin Havlat.
10:37 of 1st period - Shot Misses the Net.
11:06 of 1st period - Minor Penalty to Andy Sutton for Hooking.
11:07 of 1st period - Eric Staal wins face-off versus Marcel Goc in Lightning zone.
14:28 of 1st period - Michael Ryder is hit by Martin Havlat and loses puck.
14:43 of 1st period - Minor Penalty to Martin Havlat for Interference.
14:44 of 1st period - Marcel Goc wins face-off versus Eric Staal in Lightning zone.
15:13 of 1st period - Shot by Sergei Gonchar.
15:13 of 1st period - Shot Misses the Net.
15:46 of 1st period - Shot by Thomas Vanek.
15:46 of 1st period - Stopped by Cory Schneider without a rebound.
15:47 of 1st period - R.J. Umberger wins face-off versus Eric Staal in Lightning zone.
16:31 of 1st period - Shot by Johnny Oduya.
16:31 of 1st period - Stopped by Cory Schneider with a rebound.
16:51 of 1st period - Minor Penalty to Tomas Plekanec for Slashing.
16:52 of 1st period - Patrick Sharp wins face-off versus Thomas Vanek in Lightning zone.
17:11 of 1st period - Shot by Mike Fisher.
17:11 of 1st period - Shot Misses the Net.
17:13 of 1st period - Shot by Ryan Wilson.
17:13 of 1st period - Shot Misses the Net.
17:15 of 1st period - Shot by Chris Thorburn.
17:15 of 1st period - Stopped by Cory Schneider with a rebound.
17:17 of 1st period - Shot by Chris Thorburn.
17:17 of 1st period - Shot Misses the Net.
17:19 of 1st period - Shot by Mike Fisher.
17:19 of 1st period - Stopped by Cory Schneider without a rebound.
17:20 of 1st period - Eric Staal wins face-off versus Marcel Goc in Lightning zone.
17:33 of 1st period - Shot by Sergei Gonchar.
17:33 of 1st period - Shot Misses the Net.
17:35 of 1st period - Shot by Martin Hanzal.
17:35 of 1st period - Deflect By Jarome Iginla.
17:35 of 1st period - Shot Misses the Net.
17:37 of 1st period - Shot by Sergei Gonchar.
17:37 of 1st period - Stopped by Cory Schneider without a rebound.
17:38 of 1st period - R.J. Umberger wins face-off versus Eric Staal in Lightning zone.
18:39 of 1st period - Shot by Ryan Wilson.
18:39 of 1st period - Shot Misses the Net.
19:02 of 1st period - Mike Weber is hit by Tomas Plekanec and loses puck.
19:06 of 1st period - Icing by Matt Cooke.
19:07 of 1st period - Paul Stastny wins face-off versus Mike Fisher in Hurricanes zone.
19:25 of 1st period - Minor Penalty to Matt Cooke for Hooking.
19:26 of 1st period - Eric Staal wins face-off versus Tomas Plekanec in Hurricanes zone.

Period #2

0:01 of 2nd period - Eric Staal wins face-off versus Paul Stastny in neutral zone.
0:17 of 2nd period - Shot by Ilya Kovalchuk.
0:17 of 2nd period - Shot Misses the Net.
0:19 of 2nd period - Shot by Ilya Kovalchuk.
0:19 of 2nd period - Shot Misses the Net.
0:23 of 2nd period - Shot by Paul Stastny.
0:23 of 2nd period - Shot Misses the Net.
0:25 of 2nd period - Shot by Ilya Kovalchuk.
0:25 of 2nd period - Shot Misses the Net.
0:27 of 2nd period - Shot by Brent Seabrook.
0:27 of 2nd period - Shot Blocked by Chris Thorburn.
0:31 of 2nd period - Shot by Brent Seabrook.
0:31 of 2nd period - Stopped by Johan Hedberg without a rebound.
0:32 of 2nd period - Tomas Plekanec wins face-off versus Eric Staal in Hurricanes zone.
0:45 of 2nd period - Shot by Andrej Meszaros.
0:45 of 2nd period - Stopped by Johan Hedberg with a rebound.
0:47 of 2nd period - Shot by Andrej Meszaros.
0:47 of 2nd period - Stopped by Johan Hedberg without a rebound.
0:48 of 2nd period - Tomas Plekanec wins face-off versus Eric Staal in Hurricanes zone.
1:14 of 2nd period - Patrick Sharp is hit by Mike Weber and loses puck.
2:52 of 2nd period - Shot by Ryan Shannon.
2:52 of 2nd period - Stopped by Cory Schneider without a rebound.
2:53 of 2nd period - Mike Fisher wins face-off versus Tomas Plekanec in Lightning zone.
4:31 of 2nd period - Shot by Ilya Kovalchuk.
4:31 of 2nd period - Stopped by Johan Hedberg with a rebound.
5:31 of 2nd period - Shot by Brent Seabrook.
5:31 of 2nd period - Stopped by Johan Hedberg without a rebound.
5:32 of 2nd period - Mike Fisher wins face-off versus Marcel Goc in Hurricanes zone.
5:37 of 2nd period - Scott Hartnell is hit by Shawn Thornton and loses puck.
6:16 of 2nd period - Minor Penalty to Shawn Thornton for Interference.
6:17 of 2nd period - Eric Staal wins face-off versus Paul Stastny in Hurricanes zone.
6:28 of 2nd period - Shot by Patrick Kane.
6:28 of 2nd period - Shot Blocked by Anton Stralman.
6:44 of 2nd period - Shot by Paul Stastny.
6:44 of 2nd period - Shot Misses the Net.
6:46 of 2nd period - Shot by Ilya Kovalchuk.
6:46 of 2nd period - Shot Misses the Net.
6:48 of 2nd period - Shot by Brent Seabrook.
6:48 of 2nd period - Stopped by Johan Hedberg with a rebound.
6:50 of 2nd period - Shot by Barret Jackman.
6:50 of 2nd period - Shot Misses the Net.
7:25 of 2nd period - Martin Hanzal is hit by Patrick Sharp and loses puck.
8:26 of 2nd period - Shot by Nick Spaling.
8:26 of 2nd period - Shot Blocked by Brad Boyes.
8:30 of 2nd period - Shot by Nick Spaling.
8:30 of 2nd period - Stopped by Johan Hedberg without a rebound.
8:31 of 2nd period - Mike Fisher wins face-off versus Martin Havlat in Hurricanes zone.
8:31 of 2nd period - Mike Fisher is hit by Tomas Plekanec.
9:24 of 2nd period - Icing by Andrej Meszaros.
9:25 of 2nd period - Scott Hartnell wins face-off versus Brad Boyes in Lightning zone.
9:42 of 2nd period - Off-side.
9:43 of 2nd period - Ilya Kovalchuk wins face-off versus Chris Thorburn in neutral zone.
10:15 of 2nd period - Shot by Ilya Kovalchuk.
10:15 of 2nd period - Stopped by Johan Hedberg with a rebound.
10:51 of 2nd period - Shot by Thomas Vanek.
10:51 of 2nd period - Shot Misses the Net.
10:59 of 2nd period - Shot by Thomas Vanek.
10:59 of 2nd period - Shot Misses the Net.
11:25 of 2nd period - Shot by Shawn Thornton.
11:25 of 2nd period - Shot Misses the Net.
12:35 of 2nd period - Shot by Jarome Iginla.
12:35 of 2nd period - Shot Misses the Net.
12:37 of 2nd period - Shot by Jarome Iginla.
12:37 of 2nd period - Deflect By Eric Staal.
12:37 of 2nd period - Stopped by Cory Schneider without a rebound.
12:38 of 2nd period - Marcel Goc wins face-off versus Martin Hanzal in Lightning zone.
13:26 of 2nd period - Minor Penalty to Andrej Meszaros for Interference.
13:27 of 2nd period - Maxime Talbot wins face-off versus Eric Staal in Lightning zone.
14:37 of 2nd period - Shot by Ryan Wilson.
14:37 of 2nd period - Stopped by Cory Schneider without a rebound.
14:38 of 2nd period - R.J. Umberger wins face-off versus Matt Cooke in Lightning zone.
14:56 of 2nd period - Off-side.
14:57 of 2nd period - Brad Boyes wins face-off versus R.J. Umberger in neutral zone.
15:04 of 2nd period - Shot by Johnny Oduya.
15:04 of 2nd period - Stopped by Cory Schneider without a rebound.
15:05 of 2nd period - R.J. Umberger wins face-off versus Brad Boyes in Lightning zone.
15:36 of 2nd period - Shot by R.J. Umberger.
15:36 of 2nd period - Deflect By Martin Havlat.
15:36 of 2nd period - Stopped by Johan Hedberg without a rebound.
15:37 of 2nd period - Eric Staal wins face-off versus Tomas Plekanec in Hurricanes zone.
15:37 of 2nd period - Eric Staal is hit by Teddy Purcell.
16:09 of 2nd period - Icing by Johnny Oduya.
16:10 of 2nd period - R.J. Umberger wins face-off versus Ryan Shannon in Hurricanes zone.
16:24 of 2nd period - Martin Havlat is hit by Martin Hanzal.
16:25 of 2nd period - Off-side.
16:26 of 2nd period - Marcel Goc wins face-off versus Brad Boyes in neutral zone.
17:34 of 2nd period - Ryan Wilson is hit by Martin Havlat and loses puck.
18:07 of 2nd period - Shot by Eric Staal.
18:07 of 2nd period - Shot Misses the Net.
18:09 of 2nd period - Shot by Jaroslav Spacek.
18:09 of 2nd period - Shot Blocked by Barret Jackman.
18:11 of 2nd period - Shot by Johnny Oduya.
18:11 of 2nd period - Stopped by Cory Schneider without a rebound.
18:12 of 2nd period - Eric Staal wins face-off versus Tomas Plekanec in Lightning zone.
18:37 of 2nd period - Shot by Teddy Purcell.
18:37 of 2nd period - Stopped by Johan Hedberg without a rebound.
18:38 of 2nd period - Martin Hanzal wins face-off versus Paul Stastny in Hurricanes zone.
18:42 of 2nd period - Off-side.
18:43 of 2nd period - Paul Stastny wins face-off versus Mike Fisher in neutral zone.
19:15 of 2nd period - Shot by Mike Fisher.
19:15 of 2nd period - Stopped by Cory Schneider without a rebound.
19:16 of 2nd period - Tomas Plekanec wins face-off versus Martin Hanzal in Lightning zone.
19:16 of 2nd period - Patrick Kane is hit by Martin Hanzal and loses puck.
19:41 of 2nd period - Shot by Martin Hanzal.
19:41 of 2nd period - Stopped by Cory Schneider without a rebound.
19:42 of 2nd period - Eric Staal wins face-off versus R.J. Umberger in Lightning zone.

Period #3

0:01 of 3rd period - Jarome Iginla wins face-off versus Tomas Plekanec in neutral zone.
0:54 of 3rd period - Icing by Andy Sutton.
0:55 of 3rd period - Martin Hanzal wins face-off versus Tomas Plekanec in Lightning zone.
1:25 of 3rd period - Minor Penalty to Martin Hanzal for Interference.
1:25 of 3rd period - Minor Penalty to Maxime Talbot for Roughing.
1:26 of 3rd period - Eric Staal wins face-off versus Scott Hartnell in neutral zone.
1:29 of 3rd period - Shot by Eric Staal.
1:29 of 3rd period - Stopped by Cory Schneider without a rebound.
1:30 of 3rd period - Scott Hartnell wins face-off versus Eric Staal in Lightning zone.
2:42 of 3rd period - Shot by Chris Thorburn.
2:42 of 3rd period - Shot Misses the Net.
2:44 of 3rd period - Shot by Sergei Gonchar.
2:44 of 3rd period - Stopped by Cory Schneider without a rebound.
2:45 of 3rd period - Paul Stastny wins face-off versus Brad Boyes in Lightning zone.
2:56 of 3rd period - Shot by Patrick Kane.
2:56 of 3rd period - Deflect By Paul Stastny.
2:56 of 3rd period - Shot Blocked by Anton Stralman.
2:58 of 3rd period - Shot by Patrick Kane.
2:58 of 3rd period - Stopped by Johan Hedberg with a rebound.
3:02 of 3rd period - Shot by Paul Stastny.
3:02 of 3rd period - Goal by Paul Stastny - Lightning : 2 - Hurricanes : 0.
3:03 of 3rd period - Eric Staal wins face-off versus Paul Stastny in neutral zone.
3:27 of 3rd period - Thomas Vanek is hit by Tim Gleason and loses puck.
4:36 of 3rd period - Icing by Brent Seabrook.
4:37 of 3rd period - Eric Staal wins face-off versus Tomas Plekanec in Lightning zone.
4:38 of 3rd period - Shot by Jarome Iginla.
4:38 of 3rd period - Stopped by Cory Schneider with a rebound.
4:40 of 3rd period - Shot by Eric Staal.
4:40 of 3rd period - Stopped by Cory Schneider without a rebound.
4:41 of 3rd period - Marcel Goc wins face-off versus Thomas Vanek in Lightning zone.
4:53 of 3rd period - Andrej Meszaros is hit by Sergei Gonchar and loses puck.
5:38 of 3rd period - Shot by Martin Hanzal.
5:38 of 3rd period - Stopped by Cory Schneider without a rebound.
5:39 of 3rd period - Mike Fisher wins face-off versus R.J. Umberger in Lightning zone.
5:47 of 3rd period - Minor Penalty to Mike Weber for Delaying the game.
5:48 of 3rd period - Martin Hanzal wins face-off versus Paul Stastny in Hurricanes zone.
6:01 of 3rd period - Shot by Patrick Kane.
6:01 of 3rd period - Shot Misses the Net.
6:03 of 3rd period - Shot by Brent Seabrook.
6:03 of 3rd period - Deflect By Ilya Kovalchuk.
6:03 of 3rd period - Stopped by Johan Hedberg with a rebound.
6:19 of 3rd period - Eric Staal is hit by Patrick Kane and loses puck.
6:21 of 3rd period - Minor Penalty to Sergei Gonchar for Roughing.
6:22 of 3rd period - Martin Hanzal wins face-off versus Tomas Plekanec in Hurricanes zone.
7:11 of 3rd period - Off-side.
7:12 of 3rd period - Paul Stastny wins face-off versus Eric Staal in neutral zone.
7:17 of 3rd period - Shot by Brent Seabrook.
7:17 of 3rd period - Deflect By Paul Stastny.
7:17 of 3rd period - Stopped by Johan Hedberg without a rebound.
7:18 of 3rd period - Martin Hanzal wins face-off versus Patrick Kane in Hurricanes zone.
7:36 of 3rd period - Shot by Paul Stastny.
7:36 of 3rd period - Stopped by Johan Hedberg with a rebound.
7:40 of 3rd period - Shot by Paul Stastny.
7:40 of 3rd period - Stopped by Johan Hedberg without a rebound.
7:41 of 3rd period - Tomas Plekanec wins face-off versus Eric Staal in Hurricanes zone.
7:52 of 3rd period - Shot by Andrej Meszaros.
7:52 of 3rd period - Shot Misses the Net.
7:56 of 3rd period - Shot by Martin Havlat.
7:56 of 3rd period - Stopped by Johan Hedberg without a rebound.
7:57 of 3rd period - Tomas Plekanec wins face-off versus Eric Staal in Hurricanes zone.
8:11 of 3rd period - Shot by Tomas Plekanec.
8:11 of 3rd period - Deflect By Martin Havlat.
8:11 of 3rd period - Stopped by Johan Hedberg without a rebound.
8:12 of 3rd period - Paul Stastny wins face-off versus Martin Hanzal in Hurricanes zone.
8:19 of 3rd period - Shot by Paul Stastny.
8:19 of 3rd period - Shot Misses the Net.
8:28 of 3rd period - Icing by Ryan Wilson.
8:29 of 3rd period - Marcel Goc wins face-off versus Mike Fisher in Hurricanes zone.
8:43 of 3rd period - Mike Fisher is hit by Andrej Meszaros and loses puck.
8:55 of 3rd period - Shawn Thornton is hit by Andrej Meszaros.
9:23 of 3rd period - Shot by Jarome Iginla.
9:23 of 3rd period - Shot Blocked by Brent Seabrook.
9:27 of 3rd period - Shot by Jarome Iginla.
9:27 of 3rd period - Stopped by Cory Schneider without a rebound.
9:28 of 3rd period - Ilya Kovalchuk wins face-off versus Martin Hanzal in Lightning zone.
9:36 of 3rd period - Minor Penalty to Jaroslav Spacek for Holding Stick.
9:37 of 3rd period - Paul Stastny wins face-off versus Eric Staal in Hurricanes zone.
9:40 of 3rd period - Shot by Brent Seabrook.
9:40 of 3rd period - Stopped by Johan Hedberg without a rebound.
9:41 of 3rd period - Paul Stastny wins face-off versus Eric Staal in Hurricanes zone.
9:48 of 3rd period - Shot by Paul Stastny.
9:48 of 3rd period - Stopped by Johan Hedberg without a rebound.
9:49 of 3rd period - Martin Hanzal wins face-off versus Paul Stastny in Hurricanes zone.
10:06 of 3rd period - Shot by Patrick Kane.
10:06 of 3rd period - Stopped by Johan Hedberg without a rebound.
10:07 of 3rd period - Tomas Plekanec wins face-off versus Chris Thorburn in Hurricanes zone.
10:27 of 3rd period - Icing by Patrick Sharp.
10:28 of 3rd period - Jarome Iginla wins face-off versus Tomas Plekanec in Lightning zone.
10:48 of 3rd period - Icing by Patrick Sharp.
10:49 of 3rd period - Tomas Plekanec wins face-off versus Martin Hanzal in Lightning zone.
10:49 of 3rd period - Tomas Plekanec is hit by Martin Hanzal.
10:54 of 3rd period - Patrick Sharp is hit by Mike Weber and loses puck.
11:37 of 3rd period - Shot by Scott Hartnell.
11:37 of 3rd period - Shot Misses the Net.
12:31 of 3rd period - Shot by Jarome Iginla.
12:31 of 3rd period - Stopped by Cory Schneider without a rebound.
12:32 of 3rd period - R.J. Umberger wins face-off versus Mike Fisher in Lightning zone.
12:51 of 3rd period - Icing by Barret Jackman.
12:52 of 3rd period - Martin Havlat wins face-off versus Eric Staal in Lightning zone.
13:05 of 3rd period - Shot by Martin Havlat.
13:05 of 3rd period - Stopped by Johan Hedberg without a rebound.
13:06 of 3rd period - Eric Staal wins face-off versus Tomas Plekanec in Hurricanes zone.
13:15 of 3rd period - Shot by Thomas Vanek.
13:15 of 3rd period - Stopped by Cory Schneider without a rebound.
13:16 of 3rd period - Mike Fisher wins face-off versus Paul Stastny in Lightning zone.
13:26 of 3rd period - Paul Stastny is hit by Mike Weber and loses puck.
13:43 of 3rd period - Shot by Paul Stastny.
13:43 of 3rd period - Shot Misses the Net.
14:19 of 3rd period - Barret Jackman is hit by Shawn Thornton and loses puck.
14:55 of 3rd period - Shot by Eric Staal.
14:55 of 3rd period - Shot Misses the Net.
14:57 of 3rd period - Shot by Jarome Iginla.
14:57 of 3rd period - Stopped by Cory Schneider with a rebound.
15:01 of 3rd period - Shot by Eric Staal.
15:01 of 3rd period - Stopped by Cory Schneider with a rebound.
15:07 of 3rd period - Shot by Thomas Vanek.
15:07 of 3rd period - Stopped by Cory Schneider without a rebound.
15:08 of 3rd period - Tomas Plekanec wins face-off versus Martin Hanzal in Lightning zone.
15:25 of 3rd period - Shot by Martin Hanzal.
15:25 of 3rd period - Shot Misses the Net.
15:27 of 3rd period - Shot by Johnny Oduya.
15:27 of 3rd period - Shot Misses the Net.
15:29 of 3rd period - Shot by Johnny Oduya.
15:29 of 3rd period - Shot Hit the Post.
15:31 of 3rd period - Shot by Johnny Oduya.
15:31 of 3rd period - Shot Misses the Net.
15:33 of 3rd period - Shot by Jaroslav Spacek.
15:33 of 3rd period - Shot Blocked by Brent Seabrook.
15:38 of 3rd period - Minor Penalty to Brent Seabrook for Holding Stick.
15:39 of 3rd period - Eric Staal wins face-off versus Marcel Goc in Lightning zone.
16:19 of 3rd period - Icing by Martin Hanzal.
16:20 of 3rd period - R.J. Umberger wins face-off versus Brad Boyes in Hurricanes zone.
16:31 of 3rd period - Shot by Thomas Vanek.
16:31 of 3rd period - Stopped by Cory Schneider without a rebound.
16:32 of 3rd period - R.J. Umberger wins face-off versus Martin Hanzal in Lightning zone.
16:32 of 3rd period - R.J. Umberger is hit by Martin Hanzal.
17:13 of 3rd period - Shot by Jarome Iginla.
17:13 of 3rd period - Shot Misses the Net.
17:17 of 3rd period - Shot by Jarome Iginla.
17:17 of 3rd period - Shot Blocked by Marcel Goc.
18:40 of 3rd period - Shot by Jarome Iginla.
18:40 of 3rd period - Stopped by Cory Schneider without a rebound.
18:41 of 3rd period - Mike Fisher wins face-off versus R.J. Umberger in Lightning zone.
19:00 of 3rd period - Shot by Ilya Kovalchuk.
19:00 of 3rd period - Shot Misses the Net.


Output by the SimonT Hockey Simulator (STHS) for Stephane Roy -- Original Page W3C XHTML 1.0 Valid